 Dungeon Crawl Stone Soup version 0.20-a0-1126-g0f15420 (webtiles) character file.

108 Lexie the Firebug (level 4, -3/27 HPs)
             Began as an Octopode Fire Elementalist on May 17, 2017.
             Slain by Lexie's ghost (5 damage)
             ... on level 3 of the Dungeon.
             The game lasted 00:03:27 (2820 turns).

Lexie the Firebug (Octopode Fire Elementalist)      Turns: 2820, Time: 00:03:27

Health: -3/27      AC:  1    Str:  7    XL:     4   Next: 87%
Magic:  0/8        EV: 13    Int: 18    God:
Gold:   47         SH:  0    Dex: 12    Spells: 3/9 levels left

rFire    . . .     SeeInvis .   (no weapon)
rCold    . . .     Gourm    .   (no shield)
rNeg     . . .     Faith    .   (helmet restricted)
rPois    .         Spirit   .   (no amulet)
rElec    .         Reflect  .   (no ring)
rCorr    .         Harm     .   (no ring)
MR       .....                  (no ring)
Stlth    +++.......             (no ring)
Regen    0.1/turn               (no ring)
MPRegen  0.2/turn               (no ring)
                                (no ring)
                                (no ring)

@: very slightly contaminated
A: almost no armour, stealthy swim, amphibious, 8 rings, constrict 8, camouflage
1, gelatinous body 1
a: no special abilities


You were on level 3 of the Dungeon.
You were not hungry.

You visited 1 branch of the dungeon, and saw 3 of its levels.

You collected 47 gold pieces.

Inventory:

Scrolls
 d - a scroll of amnesia {unknown}
 e - a scroll of teleportation {unknown}
 g - a scroll of enchant weapon {unknown}
 h - 8 scrolls of remove curse {unknown}
 i - 2 scrolls of identify {unknown}
 j - a scroll of immolation {unknown}
 m - a scroll of magic mapping {unknown}
Potions
 c - a potion of lignification {unknown}
 f - 2 potions of curing {unknown}
 n - a potion of degeneration {unknown}
 o - a potion of agility {unknown}
Books
 a - a book of Flames

   Spells                             Type                      Level
   a - Flame Tongue                   Conjuration/Fire             1
   b - Throw Flame                    Conjuration/Fire             2
   c - Conjure Flame                  Conjuration/Fire             3
   d - Inner Flame                    Hexes/Fire                   3
   e - Sticky Flame                   Conjuration/Fire             4
   f - Fireball                       Conjuration/Fire             5
Comestibles
 b - a bread ration
 k - 3 fruits
 l - 2 royal jellies
 p - a chunk of flesh


   Skills:
 - Level 2.0 Dodging
 - Level 2.6 Stealth
 * Level 3.2 Spellcasting
 * Level 3.0 Conjurations
 + Level 3.4 Fire Magic


You had 3 spell levels left.
You knew the following spells:

 Your Spells              Type           Power        Failure   Level  Hunger
a - Flame Tongue          Conj/Fire      ##...        4%          1    None
b - Throw Flame           Conj/Fire      ##....       6%          2    ##.....
c - Conjure Flame         Conj/Fire      ##......     13%         3    ###....


Dungeon Overview and Level Annotations

Branches:
Dungeon (3/15)

Altars:
Kikubaaqudgha
Makhleb

Annotations:
D:3 Lexie's ghost, amateur OpFE


Innate Abilities, Weirdness & Mutations

You cannot wear most types of armour.
You are very stealthy in the water. (Stealth+)
You are amphibious.
You can wear up to eight rings at the same time.
You can use your tentacles to constrict eight enemies at once.
Your skin changes colour to match your surroundings (Stealth+).
Your rubbery body absorbs attacks. (AC +1, EV +1)


Message History

Casting: Flame Tongue
Confirm with . or Enter, or press ? or * to list all spells.
Aiming: Flame Tongue
Press: ? - help, Shift-Dir - straight line, f/p - Lexie's ghost
Aim: Lexie's ghost (moderately damaged)
The flame tongue hits Lexie's ghost.
Lexie's ghost is severely damaged.
Lexie's ghost barely misses you.
You barely miss Lexie's ghost. Your squeeze misses Lexie's ghost.
Lexie's ghost is severely damaged.
Lexie's ghost hits you.
* * * LOW HITPOINT WARNING * * *
You barely miss Lexie's ghost.
Lexie's ghost is severely damaged.
Lexie's ghost hits you.
* * * LOW HITPOINT WARNING * * *
You tentacle-slap Lexie's ghost but do no damage.
Lexie's ghost is severely damaged.
Lexie's ghost hits you.
You die...

.# #.# #.# # #.###
#...#######...#
#.....b...#...#
###...#####(#...#
.......@W.......#
##....###..##...# #...
#.###...# ###.## #.#
....# ##...###.##..###
##.....##.##..# #
###.....(.#.##..# #.
#....._.....##..#
#.####.#.......#.##.^#


You could see Lexie's ghost.

Vanquished Creatures
  Terence (D:2)
  A gnoll (D:2)
  An adder (D:2)
  An ooze (D:1)
  A worm (D:3)
  3 dart slugs (D:1)
  2 leopard geckos (D:1)
  4 bats
  4 giant cockroaches
  5 goblins
  4 hobgoblins
  6 jackals
  A quokka (D:3)
  A frilled lizard (D:1)
  9 kobolds
  4 rats
48 creatures vanquished.

Notes
Turn   | Place    | Note
-------+----------+-------------------------------------------
     0 | D:1      | Lexie the Octopode Fire Elementalist began the quest for the Orb.
     0 | D:1      | Reached XP level 1. HP: 11/11 MP: 3/3
   122 | D:1      | Reached XP level 2. HP: 11/17 MP: 0/5
   888 | D:1      | Reached XP level 3. HP: 21/21 MP: 4/6
  1272 | D:2      | Found an ancient bone altar of Kikubaaqudgha.
  1713 | D:2      | Noticed Terence
  1969 | D:1      | Learned a level 2 spell: Throw Flame
  1973 | D:1      | Learned a level 3 spell: Conjure Flame
  2033 | D:1      | Reached XP level 4. HP: 24/27 MP: 0/8
  2116 | D:2      | Killed Terence
  2727 | D:3      | Found a burning altar of Makhleb.
  2797 | D:3      | Noticed Lexie's ghost (amateur OpFE)
  2820 | D:3      | Slain by Lexie's ghost

Vault maps used:
D:1:      dpeg_arrival_oval
D:2:      overflow_temple_1_default, cheibrodos_gnoll_hut, uniq_terence
D:3:      lemuel_round_altar, fiery_altar_vehumet, uniq_crazy_yiuf_cottage

Skill      XL: |  1  2  3  4 |
---------------+-------------+-----
Conjurations   | 2 3 |  3.0
Spellcasting   | 3 |  3.2
Dodging        | |  2.0
Stealth        | |  2.6
Fire Magic     | |  3.4

Action                   |  1- 3 |  4- 6 || total
-------------------------+-------+-------++-------
Melee: Unarmed           |    30 |    16 ||    46
       Constrict         |    10 |     4 ||    14
       Tentacles         |     7 |     2 ||     9
 Cast: Flame Tongue      |    57 |    29 ||    86
       Conjure Flame     |     2 |       ||     2
       Throw Flame       |       |     1 ||     1
  Eat: Chunk             |     3 |       ||     3
       Meat ration       |       |     1 ||     1
Armor: Skin              |     2 |     3 ||     5
Dodge: Dodged            |    53 |    21 ||    74
